3L
NEW AMSTERDAM DUTCHMEN @ KINGSTON TOWNSHIP LEGION
08/15/2028
 
TOP OF THE 1ST
New Amsterdam Dutchmen batting - Pitching for Kingston Township Legion : RHP Jon Briddon
Pitching: RHP Jon Briddon
Batting: RHB Jon Osterman 0-0: Ball
1-0: Hit by Pitch
Batting: LHB SaQwan Hackett 0-0: Ball
1-0: Swinging Strike
1-1: Foul Ball, location: 2F
1-2: Strikes out looking
Batting: RHB Hank Wilder 0-0: Swinging Strike
0-1: Ball
1-1: Fly out, F7 (Flyball, 7LD)
Batting: LHB Félix López 0-0: Called Strike
0-1: Ball
1-1: Ball
2-1: Foul Ball, location: 2F
2-2: Ball
Jon Osterman is caught stealing 2nd base
Top of the 1st over - 0 run(s), 0 hit(s), 0 error(s), 0 left on base; New Amsterdam 0 - Kingston Township 0
BOTTOM OF THE 1ST
Kingston Township Legion batting - Pitching for New Amsterdam Dutchmen : LHP Rusty Swanson
Pitching: LHP Rusty Swanson
Batting: LHB Christian Blair 0-0: Ball
1-0: Called Strike
1-1: Ball
2-1: Called Strike
2-2: Foul Ball, location: 2F
2-2: Ball
3-2: Foul Ball, location: 2F
3-2: Strikes out swinging
Batting: LHB António González 0-0: Called Strike
0-1: Ball
1-1: Ground out 3-1 (Groundball, 34)
Batting: RHB EP Weston 0-0: Called Strike
0-1: Foul Ball, location: 2F
0-2: Ball
1-2: Ball
2-2: Fly out, F6 (Line Drive, 6)
Bottom of the 1st over - 0 run(s), 0 hit(s), 0 error(s), 0 left on base; New Amsterdam 0 - Kingston Township 0
TOP OF THE 2ND
New Amsterdam Dutchmen batting - Pitching for Kingston Township Legion : RHP Jon Briddon
Batting: LHB Félix López 0-0: Ball
1-0: Foul Ball, location: 2F
1-1: Fly out, F7 (Flyball, 7LMF)
Batting: RHB António Pérez 0-0: Called Strike
0-1: Ball
1-1: Ball
2-1: Foul Ball, location: 2F
2-2: Fly out, F8 (Flyball, 78M)
Batting: LHB Eric Ward 0-0: Ball
1-0: Foul Ball, location: 2F
1-1: Swinging Strike
1-2: Ball
2-2: Ball
3-2: Ground out 4-3 (Groundball, 4)
Top of the 2nd over - 0 run(s), 0 hit(s), 0 error(s), 0 left on base; New Amsterdam 0 - Kingston Township 0
BOTTOM OF THE 2ND
Kingston Township Legion batting - Pitching for New Amsterdam Dutchmen : LHP Rusty Swanson
Batting: RHB Dani Trejo 0-0: SINGLE (Groundball, 6D)
Batting: RHB Jim Scott 0-0: Ball
Dani Trejo steals 2nd base
1-0: Foul Ball, location: 2F
1-1: Foul Ball, location: 2F
1-2: Ball
2-2: Foul Ball, location: 2F
2-2: Ground out 5-3 (Groundball, 56S)
Dani Trejo to third
Batting: RHB Alfredo Cardenas 0-0: Called Strike
0-1: Foul Ball, location: 2F
0-2: Foul Ball, location: 2F
0-2: Ball
1-2: Strikes out swinging
Batting: RHB Clarence Neal 0-0: Fly out, F4 (Popup, 4D)
Bottom of the 2nd over - 0 run(s), 1 hit(s), 0 error(s), 1 left on base; New Amsterdam 0 - Kingston Township 0
TOP OF THE 3RD
New Amsterdam Dutchmen batting - Pitching for Kingston Township Legion : RHP Jon Briddon
Batting: LHB Cornelius Taitt 0-0: Ball
1-0: Foul Ball, location: 2F
1-1: Foul Ball, location: 2F
1-2: Strikes out looking
Batting: RHB Mario Rivera 0-0: Bunted foul
0-1: Foul Ball, location: 2F
0-2: Strikes out swinging
Batting: RHB Omar Schuler 0-0: Foul Ball, location: 2F
0-1: Swinging Strike
0-2: Foul Ball, location: 2F
0-2: Strikes out looking
Top of the 3rd over - 0 run(s), 0 hit(s), 0 error(s), 0 left on base; New Amsterdam 0 - Kingston Township 0
BOTTOM OF THE 3RD
Kingston Township Legion batting - Pitching for New Amsterdam Dutchmen : LHP Rusty Swanson
Batting: LHB Tommy Sullivan 0-0: Ball
1-0: Reached on error, E4 (Groundball, 4)
Batting: RHB Juan Aguirre 0-0: Grounds into double play, 6-4-3 (Groundball, 6)
Batting: LHB Christian Blair 0-0: Ball
1-0: Hit by Pitch
Batting: LHB António González 0-0: Foul Ball, location: 2F
0-1: Swinging Strike
0-2: Ball
1-2: Ball
2-2: Strikes out swinging
Bottom of the 3rd over - 0 run(s), 0 hit(s), 1 error(s), 1 left on base; New Amsterdam 0 - Kingston Township 0
TOP OF THE 4TH
New Amsterdam Dutchmen batting - Pitching for Kingston Township Legion : RHP Jon Briddon
Batting: RHB Jon Osterman 0-0: Called Strike
0-1: Called Strike
0-2: Strikes out swinging
Batting: LHB SaQwan Hackett 0-0: Ball
1-0: Ball
2-0: Swinging Strike
2-1: Foul Ball, location: 2F
2-2: Foul Ball, location: 2F
2-2: Ball
3-2: Foul Ball, location: 2F
3-2: Base on Balls
Batting: RHB Hank Wilder 0-0: Ball
1-0: Ball
2-0: Ball
3-0: Base on Balls
SaQwan Hackett to second
Batting: LHB Félix López 0-0: Ball
1-0: Called Strike
1-1: Ball
2-1: Foul Ball, location: 2F
2-2: Ball
3-2: Strikes out looking
Batting: RHB António Pérez 0-0: Ball
1-0: Called Strike
1-1: Ball
2-1: Fielders Choice at 2nd, 4-6 (Groundball, 4)
Top of the 4th over - 0 run(s), 0 hit(s), 0 error(s), 1 left on base; New Amsterdam 0 - Kingston Township 0
BOTTOM OF THE 4TH
Kingston Township Legion batting - Pitching for New Amsterdam Dutchmen : LHP Rusty Swanson
Batting: RHB EP Weston 0-0: Called Strike
0-1: Foul Ball, location: 2F
0-2: Fly out, F9 (Flyball, 9LS)
Batting: RHB Dani Trejo 0-0: Ground out 6-3 (Groundball, 56)
Batting: RHB Jim Scott 0-0: Ball
1-0: Swinging Strike
1-1: Ball
2-1: DOUBLE (Flyball, 78XD)
Batting: RHB Alfredo Cardenas 0-0: Ball
1-0: Ball
2-0: Called Strike
2-1: Swinging Strike
2-2: Strikes out swinging
Bottom of the 4th over - 0 run(s), 1 hit(s), 0 error(s), 1 left on base; New Amsterdam 0 - Kingston Township 0
TOP OF THE 5TH
New Amsterdam Dutchmen batting - Pitching for Kingston Township Legion : RHP Jon Briddon
Batting: LHB Eric Ward 0-0: Swinging Strike
0-1: Ball
1-1: Foul Ball, location: 2F
1-2: Foul Ball, location: 2F
1-2: Strikes out swinging
Batting: LHB Cornelius Taitt 0-0: Ball
1-0: SINGLE (Groundball, 25) (infield hit)
Batting: RHB Mario Rivera 0-0: Ball
1-0: Ball
Cornelius Taitt steals 2nd base
2-0: Ball
Wild Pitch!
Cornelius Taitt to third
3-0: Foul Ball, location: 2F
3-1: Base on Balls
Batting: RHB Omar Schuler 0-0: Swinging Strike
0-1: Called Strike
0-2: Ball
1-2: Foul Ball, location: 2F
1-2: SINGLE (Line Drive, 6MD)
Cornelius Taitt scores
Mario Rivera to second
Batting: RHB Jon Osterman 0-0: Swinging Strike
0-1: Ball
1-1: Swinging Strike
1-2: Ball
2-2: Fly out, F4 (Line Drive, 6M)
Batting: LHB SaQwan Hackett 0-0: Ball
1-0: Ball
2-0: Foul Ball, location: 2F
2-1: Fly out, F8 (Line Drive, 89XD)
Top of the 5th over - 1 run(s), 2 hit(s), 0 error(s), 2 left on base; New Amsterdam 1 - Kingston Township 0
BOTTOM OF THE 5TH
Kingston Township Legion batting - Pitching for New Amsterdam Dutchmen : LHP Rusty Swanson
Batting: RHB Clarence Neal 0-0: Called Strike
0-1: Called Strike
0-2: Foul Ball, location: 2F
0-2: Ball
1-2: Fly out, F5 (Popup, 5L)
Batting: LHB Tommy Sullivan 0-0: Ball
1-0: Ball
2-0: Called Strike
2-1: Foul Ball, location: 2F
2-2: Ball
3-2: Strikes out swinging
Batting: RHB Juan Aguirre 0-0: Fly out, F7 (Flyball, 7)
Bottom of the 5th over - 0 run(s), 0 hit(s), 0 error(s), 0 left on base; New Amsterdam 1 - Kingston Township 0
TOP OF THE 6TH
New Amsterdam Dutchmen batting - Pitching for Kingston Township Legion : RHP Jon Briddon
Batting: RHB Hank Wilder 0-0: Ball
1-0: Ball
2-0: Called Strike
2-1: Ball
3-1: Base on Balls
Batting: LHB Félix López 0-0: Swinging Strike
0-1: Ball
1-1: Called Strike
1-2: Ball
2-2: Strikes out looking
Batting: RHB António Pérez 0-0: Swinging Strike
0-1: Ball
Wild Pitch!
Hank Wilder to second
1-1: Ball
2-1: Fly out, F7 (Flyball, 7)
Batting: LHB Eric Ward 0-0: Fly out, F5 (Popup, 5L)
Top of the 6th over - 0 run(s), 0 hit(s), 0 error(s), 1 left on base; New Amsterdam 1 - Kingston Township 0
BOTTOM OF THE 6TH
Kingston Township Legion batting - Pitching for New Amsterdam Dutchmen : LHP Rusty Swanson
Batting: LHB Christian Blair 0-0: Called Strike
0-1: Ball
1-1: Ball
2-1: Foul Ball, location: 2F
2-2: Fly out, F8 (Flyball, 8LXD)
Batting: LHB António González 0-0: Called Strike
0-1: Called Strike
0-2: Ball
1-2: SINGLE (Groundball, 34D)
Batting: RHB EP Weston 0-0: DOUBLE (Line Drive, 78XD)
António González to third
Runner from 3rd tries for Home, SAFE, no throw
Batting: RHB Dani Trejo 0-0: Swinging Strike
0-1: Ground out 6-3 (Groundball, 6)
Batting: RHB Jim Scott 0-0: Ground out 5-3 (Groundball, 56)
Bottom of the 6th over - 1 run(s), 2 hit(s), 0 error(s), 1 left on base; New Amsterdam 1 - Kingston Township 1
TOP OF THE 7TH
New Amsterdam Dutchmen batting - Pitching for Kingston Township Legion : RHP Jon Briddon
Batting: LHB Cornelius Taitt 0-0: Ball
1-0: Swinging Strike
1-1: DOUBLE (Flyball, 89XD)
Batting: RHB Mario Rivera 0-0: Ball
1-0: Swinging Strike
1-1: Ball
2-1: Bunted foul
2-2: Ball
3-2: Fly out, F9 (Flyball, 9)
Pitching: LHP Il-young Kim
Pinch Hitting: RHB Quincy van Enk 0-0: Ball
1-0: Fly out, F9 (Flyball, 9S)
Batting: RHB Jon Osterman 0-0: Ball
1-0: Foul Ball, location: 2F
1-1: Foul Ball, location: 2F
1-2: Strikes out looking
Top of the 7th over - 0 run(s), 1 hit(s), 0 error(s), 1 left on base; New Amsterdam 1 - Kingston Township 1
BOTTOM OF THE 7TH
Kingston Township Legion batting - Pitching for New Amsterdam Dutchmen : LHP Rusty Swanson
Now at SS: Max Berman
Batting: RHB Alfredo Cardenas 0-0: Ground out 6-3 (Groundball, 6)
Batting: RHB Clarence Neal 0-0: Ball
1-0: Foul Ball, location: 2F
1-1: Ball
2-1: SINGLE (Flyball, 7S)
Pinch Hitting: RHB José Icaza 0-0: Ball
1-0: Ball
2-0: Foul Ball, location: 2F
2-1: Ball
3-1: Called Strike
3-2: Reached on error, E5 (Groundball, 56)
Clarence Neal to second
Batting: RHB Juan Aguirre 0-0: Swinging Strike
0-1: Foul Ball, location: 2F
0-2: Fly out, F8 (Flyball, 8RD)
Runner from 2nd tags up, SAFE at 3rd, no throw
Batting: LHB Christian Blair 0-0: SINGLE (Line Drive, 8RS)
Clarence Neal scores
José Icaza to second
Batting: LHB António González 0-0: Called Strike
0-1: Called Strike
0-2: Foul Ball, location: 2F
0-2: Fly out, F9 (Flyball, 9)
Bottom of the 7th over - 1 run(s), 2 hit(s), 1 error(s), 2 left on base; New Amsterdam 1 - Kingston Township 2
TOP OF THE 8TH
New Amsterdam Dutchmen batting - Pitching for Kingston Township Legion : LHP Il-young Kim
Now in LF: Armando Reyes
Batting: LHB SaQwan Hackett 0-0: Ball
1-0: Ball
2-0: Swinging Strike
2-1: Fly out, F9 (Flyball, 89M)
Pitching: RHP Yosuke Takahashi
Batting: RHB Hank Wilder 0-0: Swinging Strike
0-1: Called Strike
0-2: Ball
1-2: Foul Ball, location: 2F
1-2: Ground out 4-3 (Groundball, 4)
Pitching: LHP Ezio Deodato
Batting: LHB Félix López 0-0: Foul Ball, location: 2F
0-1: Called Strike
0-2: Strikes out looking
Top of the 8th over - 0 run(s), 0 hit(s), 0 error(s), 0 left on base; New Amsterdam 1 - Kingston Township 2
BOTTOM OF THE 8TH
Kingston Township Legion batting - Pitching for New Amsterdam Dutchmen : LHP Rusty Swanson
Batting: RHB EP Weston 0-0: Called Strike
0-1: Ball
1-1: Ball
2-1: Ball
3-1: Base on Balls
Batting: RHB Dani Trejo 0-0: Ball
1-0: Fly out, F8 (Flyball, 78D)
Batting: RHB Jim Scott 0-0: Called Strike
0-1: Ball
1-1: Ball
2-1: SINGLE (Line Drive, 8LS)
EP Weston to second
Batting: RHB Alfredo Cardenas 0-0: Ball
1-0: Ball
2-0: TRIPLE (Flyball, 8LXD)
EP Weston scores
Jim Scott scores
Batting: RHB Clarence Neal 0-0: Intentional Walk
Pitching: RHP Lorenzo Fabián
Batting: LHB Armando Reyes 0-0: Called Strike
0-1: Called Strike
0-2: Foul Ball, location: 2F
0-2: Foul Ball, location: 2F
0-2: Strikes out swinging
Batting: RHB Juan Aguirre 0-0: Called Strike
0-1: Ball
1-1: Foul Ball, location: 2F
1-2: Ball
2-2: Foul Ball, location: 2F
2-2: Foul Ball, location: 2F
2-2: Strikes out swinging
Bottom of the 8th over - 2 run(s), 2 hit(s), 0 error(s), 2 left on base; New Amsterdam 1 - Kingston Township 4
TOP OF THE 9TH
New Amsterdam Dutchmen batting - Pitching for Kingston Township Legion : LHP Ezio Deodato
Pitching: RHP John Riggleman
Batting: RHB António Pérez 0-0: Called Strike
0-1: Fly out, F8 (Line Drive, 8LD)
Batting: LHB Eric Ward 0-0: SINGLE (Flyball, 6MD)
Batting: LHB Cornelius Taitt 0-0: Swinging Strike
0-1: Ball
1-1: Foul Ball, location: 2F
1-2: Ball
2-2: Strikes out swinging
Batting: RHB Mario Rivera 0-0: Ball
1-0: Foul Ball, location: 2F
1-1: Swinging Strike
1-2: Strikes out swinging
Top of the 9th over - 0 run(s), 1 hit(s), 0 error(s), 1 left on base; New Amsterdam 1 - Kingston Township 4
Friday, August 25th, 2017 - OOTP Baseball 17.12 Build 75